| TOP OF THE 1ST |
|
San Jose Bees batting - Pitching for Reno Silver Sox : RHP Donald Lamer
|
|
Pitching: RHP Donald Lamer
|
|
|
Batting: RHB Anthony Laurenzi
|
0-0: Foul Ball, location: 2F 0-1: Swinging Strike 0-2: Strikes out swinging
|
|
Batting: RHB Ron MacDonald
|
0-0: Fly out, F9 (Flyball, 9, EV 90.6 MPH)
|
|
Batting: LHB Stanley Davis
|
0-0: Called Strike 0-1: Ball 1-1: Called Strike 1-2: Ground out 4-3 (Groundball, 4, EV 87.5 MPH)
|
| Top of the 1st over - 0 runs, 0 hits, 0 errors, 0 left on base; San Jose 0 - Reno 0 |
| BOTTOM OF THE 1ST |
|
Reno Silver Sox batting - Pitching for San Jose Bees : RHP Frank Wills
|
|
Pitching: RHP Frank Wills
|
|
|
Batting: RHB Lemmie Miller
|
0-0: Called Strike 0-1: Called Strike 0-2: Ball 1-2: Foul Ball, location: 2F 1-2: Strikes out swinging
|
|
Batting: RHB Rod Hobbs
|
0-0: SINGLE (Groundball, 6S, EV 70.6 MPH) (infield hit)
|
|
Batting: LHB Victor Diaz
|
0-0: Ball 1-0: Swinging Strike 1-1: Ball Rod Hobbs is caught stealing 2nd base 2-6 2-1: Fly out, F3 (Flyball, 3D, EV 93.1 MPH)
|
| Bottom of the 1st over - 0 runs, 1 hit, 0 errors, 0 left on base; San Jose 0 - Reno 0 |
| TOP OF THE 2ND |
|
San Jose Bees batting - Pitching for Reno Silver Sox : RHP Donald Lamer
|
|
Batting: RHB Ricky McMullen
|
0-0: Ball 1-0: Foul Ball, location: 2F 1-1: Swinging Strike 1-2: Ground out 4-3 (Groundball, 34, EV 86.9 MPH)
|
|
Batting: RHB Michael Parker
|
0-0: Ball 1-0: Ball 2-0: Foul Ball, location: 2F 2-1: Foul Ball, location: 2F 2-2: Foul Ball, location: 2F 2-2: Ball 3-2: Base on Balls
|
|
Batting: RHB Timothy Wallace
|
0-0: Ball 1-0: Called Strike 1-1: Fly out, F9 (Line Drive, 9, EV 85.6 MPH)
|
|
Batting: LHB Dale Weaver
|
Pickoff Throw to First - Out! 1-3
|
| Top of the 2nd over - 0 runs, 0 hits, 0 errors, 0 left on base; San Jose 0 - Reno 0 |
| BOTTOM OF THE 2ND |
|
Reno Silver Sox batting - Pitching for San Jose Bees : RHP Frank Wills
|
|
Batting: LHB Mike Hocutt
|
0-0: Ball 1-0: Ball 2-0: Ball 3-0: Called Strike 3-1: Base on Balls
|
|
Batting: LHB Kevin Rigby
|
0-0: Ball Mike Hocutt is caught stealing 2nd base 2-6 1-0: SINGLE (Line Drive, 89M, EV 93.1 MPH)
|
|
Batting: RHB Bill Crone
|
0-0: DOUBLE (Line Drive, 9LS, EV 101.9 MPH) Kevin Rigby to third
|
|
Batting: LHB Gregory Shirley
|
0-0: Called Strike 0-1: Swinging Strike 0-2: Ball 1-2: Strikes out swinging
|
|
Batting: RHB Emilio Perez
|
0-0: Foul Ball, location: 2F 0-1: Ball 1-1: Foul Ball, location: 2F 1-2: Ball Wild Pitch! Kevin Rigby scores Bill Crone to third 2-2: Foul Ball, location: 2F 2-2: Foul Ball, location: 2F 2-2: Fly out, F9 (Flyball, 9S, EV 85.6 MPH)
|
| Bottom of the 2nd over - 1 run, 2 hits, 0 errors, 1 left on base; San Jose 0 - Reno 1 |
| TOP OF THE 3RD |
|
San Jose Bees batting - Pitching for Reno Silver Sox : RHP Donald Lamer
|
|
Batting: LHB Dale Weaver
|
0-0: Ball 1-0: Called Strike 1-1: Ground out U3 (Groundball, 3L, EV 102.5 MPH)
|
|
Batting: RHB David Hoyt
|
0-0: Called Strike 0-1: Ball 1-1: Foul Ball, location: 2F 1-2: Fly out, F7 (Flyball, 78XD, EV 100.0 MPH)
|
|
Batting: RHB Bill Pinkham
|
0-0: SINGLE (Line Drive, 8RS, EV 90.0 MPH)
|
|
Batting: RHB Anthony Laurenzi
|
0-0: Called Strike 0-1: Ball 1-1: Swinging Strike 1-2: Ball 2-2: Strikes out looking
|
| Top of the 3rd over - 0 runs, 1 hit, 0 errors, 1 left on base; San Jose 0 - Reno 1 |
| BOTTOM OF THE 3RD |
|
Reno Silver Sox batting - Pitching for San Jose Bees : RHP Frank Wills
|
|
Batting: SHB Julio Paula
|
0-0: Ball 1-0: Ball 2-0: Ground out U3 (Groundball, 3, EV 94.4 MPH)
|
|
Batting: RHB Lemmie Miller
|
0-0: Foul Ball, location: 2F 0-1: Ball 1-1: Ball 2-1: Called Strike 2-2: Foul Ball, location: 2F 2-2: Foul Ball, location: 2F 2-2: Ball 3-2: Base on Balls
|
|
Batting: RHB Rod Hobbs
|
0-0: Swinging Strike 0-1: Ball 1-1: Ball 2-1: Ball 3-1: TRIPLE (Line Drive, 78XD, EV 105.6 MPH) Lemmie Miller scores
|
|
Batting: LHB Victor Diaz
|
0-0: Called Strike 0-1: Ball 1-1: Fly out, F8 (Flyball, 8RM, EV 89.4 MPH) Runner from 3rd tags up, SCORES, throw by CF
|
|
Pitching: LHP Richard Spanton
|
|
|
Batting: LHB Mike Hocutt
|
0-0: Called Strike 0-1: Ball 1-1: Ball 2-1: Foul Ball, location: 2F 2-2: Foul Ball, location: 2F 2-2: Foul Ball, location: 2F 2-2: Foul Ball, location: 2F 2-2: Ball 3-2: Foul Ball, location: 2F 3-2: Fly out, F8 (Line Drive, 8LM, EV 93.1 MPH)
|
| Bottom of the 3rd over - 2 runs, 1 hit, 0 errors, 0 left on base; San Jose 0 - Reno 3 |
| TOP OF THE 4TH |
|
San Jose Bees batting - Pitching for Reno Silver Sox : RHP Donald Lamer
|
|
Batting: RHB Ron MacDonald
|
0-0: Ball 1-0: Fly out, F9 (Flyball, 9, EV 83.8 MPH)
|
|
Batting: LHB Stanley Davis
|
0-0: Called Strike 0-1: Called Strike 0-2: Strikes out swinging
|
|
Batting: RHB Ricky McMullen
|
0-0: Called Strike 0-1: Ball 1-1: SINGLE (Flyball, 6MD, EV 88.8 MPH)
|
|
Batting: RHB Michael Parker
|
0-0: Fly out, F8 (Flyball, 8RM, EV 87.5 MPH)
|
| Top of the 4th over - 0 runs, 1 hit, 0 errors, 1 left on base; San Jose 0 - Reno 3 |
| BOTTOM OF THE 4TH |
|
Reno Silver Sox batting - Pitching for San Jose Bees : LHP Richard Spanton
|
|
Batting: LHB Kevin Rigby
|
0-0: Fly out, F7 (Flyball, 7LS, EV 90.0 MPH)
|
|
Batting: RHB Bill Crone
|
0-0: Fly out, F7 (Flyball, 78M, EV 96.9 MPH)
|
|
Batting: LHB Gregory Shirley
|
0-0: SINGLE (Line Drive, 9S, EV 91.9 MPH)
|
|
Batting: RHB Emilio Perez
|
0-0: Called Strike 0-1: Foul Ball, location: 2F 0-2: Ball 1-2: Fielders Choice at 2nd, 6-4 (Groundball, 6, EV 110.0 MPH)
|
| Bottom of the 4th over - 0 runs, 1 hit, 0 errors, 1 left on base; San Jose 0 - Reno 3 |
| TOP OF THE 5TH |
|
San Jose Bees batting - Pitching for Reno Silver Sox : RHP Donald Lamer
|
|
Batting: RHB Timothy Wallace
|
0-0: Ball 1-0: Ball 2-0: DOUBLE (Groundball, 5L, EV 101.3 MPH)
|
|
Batting: LHB Dale Weaver
|
0-0: Ball 1-0: Ball 2-0: Called Strike 2-1: Ground out 4-3 (Groundball, 4, EV 106.3 MPH) Timothy Wallace to third
|
|
Batting: RHB David Hoyt
|
0-0: Ball 1-0: Ball 2-0: Foul Ball, location: 2F 2-1: SINGLE (Groundball, 6M, EV 86.3 MPH) (infield hit) Timothy Wallace scores
|
|
Batting: RHB Bill Pinkham
|
0-0: Ball 1-0: Ball 2-0: Ball 3-0: Base on Balls David Hoyt to second
|
|
Batting: RHB Anthony Laurenzi
|
0-0: Foul Ball, location: 2F 0-1: SINGLE (Line Drive, 89S, EV 101.3 MPH) David Hoyt to third Bill Pinkham to second Runner from 3rd tries for Home, SAFE, throw by CF to home Bill Pinkham to third Anthony Laurenzi to second
|
|
Batting: RHB Ron MacDonald
|
0-0: Fly out, F8 (Flyball, 8LM, EV 91.3 MPH) Runner from 3rd tags up, SCORES, throw by CF
|
|
Batting: LHB Stanley Davis
|
0-0: Called Strike 0-1: Ground out U3 (Groundball, 3L, EV 87.5 MPH)
|
| Top of the 5th over - 3 runs, 3 hits, 0 errors, 1 left on base; San Jose 3 - Reno 3 |
| BOTTOM OF THE 5TH |
|
Reno Silver Sox batting - Pitching for San Jose Bees : LHP Richard Spanton
|
|
Batting: SHB Julio Paula
|
0-0: Foul Ball, location: 2F 0-1: Called Strike 0-2: Foul Ball, location: 2F 0-2: Strikes out swinging
|
|
Batting: RHB Lemmie Miller
|
0-0: Ball 1-0: Called Strike 1-1: Ground out U3 (Groundball, 3S, EV 91.3 MPH)
|
|
Batting: RHB Rod Hobbs
|
0-0: Called Strike 0-1: SOLO HOME RUN (Flyball, 7LD, EV 93.1 MPH), Distance : 341 ft
|
|
Batting: LHB Victor Diaz
|
0-0: Ball 1-0: Ball 2-0: Called Strike 2-1: Ball 3-1: Called Strike 3-2: Ground out 2-3 (Groundball, 15S, EV 64.4 MPH)
|
| Bottom of the 5th over - 1 run, 1 hit, 0 errors, 0 left on base; San Jose 3 - Reno 4 |
| TOP OF THE 6TH |
|
San Jose Bees batting - Pitching for Reno Silver Sox : RHP Donald Lamer
|
|
Batting: RHB Ricky McMullen
|
0-0: Called Strike 0-1: Ball 1-1: Swinging Strike 1-2: Foul Ball, location: 2F 1-2: Ball 2-2: Ball 3-2: Base on Balls
|
|
Batting: RHB Michael Parker
|
0-0: Fielders Choice at 2nd, 3-6 (Groundball, 34S, EV 87.5 MPH)
|
|
Batting: RHB Timothy Wallace
|
0-0: Ball 1-0: Ball 2-0: Grounds into double play, 1-6-3 (Groundball, 13S, EV 64.4 MPH)
|
| Top of the 6th over - 0 runs, 0 hits, 0 errors, 0 left on base; San Jose 3 - Reno 4 |
| BOTTOM OF THE 6TH |
|
Reno Silver Sox batting - Pitching for San Jose Bees : LHP Richard Spanton
|
|
Batting: LHB Mike Hocutt
|
0-0: Called Strike 0-1: Ball 1-1: Ball 2-1: Foul Ball, location: 2F 2-2: Fly out, F4 (Line Drive, 4, EV 70.6 MPH)
|
|
Batting: LHB Kevin Rigby
|
0-0: Called Strike 0-1: Foul Ball, location: 2F 0-2: Ball 1-2: Foul Ball, location: 2F 1-2: Ball 2-2: Ball 3-2: Foul Ball, location: 2F 3-2: Foul Ball, location: 2F 3-2: Fly out, F9 (Flyball, 9D, EV 88.8 MPH)
|
|
Batting: RHB Bill Crone
|
0-0: Ball 1-0: Called Strike 1-1: Fly out, F3 (Popup, 3, EV 71.9 MPH)
|
| Bottom of the 6th over - 0 runs, 0 hits, 0 errors, 0 left on base; San Jose 3 - Reno 4 |
| TOP OF THE 7TH |
|
San Jose Bees batting - Pitching for Reno Silver Sox : RHP Donald Lamer
|
|
Batting: LHB Dale Weaver
|
0-0: Ball 1-0: Called Strike 1-1: Ground out 4-3 (Groundball, 4, EV 86.3 MPH)
|
|
Batting: RHB David Hoyt
|
0-0: Ball 1-0: Called Strike 1-1: Ball 2-1: Ground out 6-3 (Groundball, 6, EV 79.4 MPH)
|
|
Batting: RHB Bill Pinkham
|
0-0: Ball 1-0: Fly out, F8 (Flyball, 8RXD, EV 86.9 MPH)
|
| Top of the 7th over - 0 runs, 0 hits, 0 errors, 0 left on base; San Jose 3 - Reno 4 |
| BOTTOM OF THE 7TH |
|
Reno Silver Sox batting - Pitching for San Jose Bees : LHP Richard Spanton
|
|
Batting: LHB Gregory Shirley
|
0-0: Called Strike 0-1: SINGLE (Groundball, 56D, EV 102.5 MPH)
|
|
Batting: RHB Emilio Perez
|
0-0: Ball 1-0: Bunt missed! 1-1: Bunt missed! 1-2: Strikes out swinging
|
|
Batting: SHB Julio Paula
|
0-0: Called Strike 0-1: Ball 1-1: Fielders Choice at 2nd, 3-6 (Groundball, 3, EV 100.0 MPH)
|
|
Batting: RHB Lemmie Miller
|
0-0: Fly out, F9 (Flyball, 9D, EV 90.0 MPH)
|
| Bottom of the 7th over - 0 runs, 1 hit, 0 errors, 1 left on base; San Jose 3 - Reno 4 |
| TOP OF THE 8TH |
|
San Jose Bees batting - Pitching for Reno Silver Sox : RHP Donald Lamer
|
|
Batting: RHB Anthony Laurenzi
|
0-0: Called Strike 0-1: Ball 1-1: Called Strike 1-2: Ground out U3 (Groundball, 3, EV 97.5 MPH)
|
|
Batting: RHB Ron MacDonald
|
0-0: Ball 1-0: Called Strike 1-1: Hit by Pitch
|
|
Batting: LHB Stanley Davis
|
0-0: Ball 1-0: Foul Ball, location: 2F 1-1: Ball 2-1: Called Strike 2-2: Fly out, F8 (Line Drive, 8RM, EV 94.4 MPH)
|
|
Batting: RHB Ricky McMullen
|
0-0: Ball 1-0: Called Strike 1-1: Ground out 4-3 (Groundball, 13, EV 93.8 MPH)
|
| Top of the 8th over - 0 runs, 0 hits, 0 errors, 1 left on base; San Jose 3 - Reno 4 |
| BOTTOM OF THE 8TH |
|
Reno Silver Sox batting - Pitching for San Jose Bees : LHP Richard Spanton
|
|
Batting: RHB Rod Hobbs
|
0-0: Ball 1-0: Ball 2-0: Foul Ball, location: 2F 2-1: Ball 3-1: Ground out 6-3 (Groundball, 56, EV 88.8 MPH)
|
|
Batting: LHB Victor Diaz
|
0-0: Ball 1-0: Fly out, F7 (Flyball, 7S, EV 88.1 MPH)
|
|
Batting: LHB Mike Hocutt
|
0-0: Swinging Strike 0-1: Ball 1-1: Swinging Strike 1-2: Reached on error, E3 (Groundball, 3, EV 105.0 MPH)
|
|
Pitching: RHP Rick A Anderson
|
|
|
Batting: LHB Kevin Rigby
|
0-0: Ball 1-0: Called Strike 1-1: Ball 2-1: Fielders Choice at 2nd, 6-4 (Groundball, 6, EV 91.3 MPH)
|
| Bottom of the 8th over - 0 runs, 0 hits, 1 error, 1 left on base; San Jose 3 - Reno 4 |
| TOP OF THE 9TH |
|
San Jose Bees batting - Pitching for Reno Silver Sox : RHP Donald Lamer
|
|
Pitching: RHP Steve Eddy
|
|
|
Batting: RHB Michael Parker
|
0-0: Swinging Strike 0-1: Fly out, F7 (Flyball, 78S, EV 76.3 MPH)
|
|
Batting: RHB Timothy Wallace
|
0-0: Called Strike 0-1: Called Strike 0-2: Ball 1-2: Foul Ball, location: 2F 1-2: Ground out 4-3 (Groundball, 34, EV 104.4 MPH)
|
|
Batting: LHB Dale Weaver
|
0-0: Ball 1-0: Ball 2-0: Called Strike 2-1: Foul Ball, location: 2F 2-2: Foul Ball, location: 2F 2-2: SINGLE (Groundball, 25, EV 68.1 MPH) (infield hit)
|
|
Batting: RHB David Hoyt
|
0-0: Fly out, F8 (Flyball, 8RM, EV 89.4 MPH)
|
| Top of the 9th over - 0 runs, 1 hit, 0 errors, 1 left on base; San Jose 3 - Reno 4 |
|